 Dungeon Crawl Stone Soup version 0.29-a0-923-g6e406bff71 (webtiles) character file.

Game seed: 484796100379411349

2578 funkygono the Firebug (level 9, -6/47 HPs)
             Began as a Gargoyle Fire Elementalist on July 27, 2022.
             Was an Initiate of Vehumet.
             Mangled by a large slime creature (7 damage)
             ... on level 6 of the Dungeon.
             The game lasted 00:16:31 (8778 turns).

funkygono the Firebug (Gargoyle Fire Elementalist)  Turns: 8778, Time: 00:16:32

Health: -6/47      AC: 17    Str: 12    XL:     9   Next: 57%
Magic:  7/20       EV: 12    Int: 23    God:    Vehumet [......]
Gold:   290        SH:  0    Dex: 10    Spells: 13/22 levels left

rFire   . . .      SeeInvis .   A - +9 mace of Zifroyw {protect, rElec Will+}
rCold   . . .      Faith    .   (no shield)
rNeg    + . .      Spirit   .   a - +0 robe
rPois   ∞          Reflect  .   d - +1 helmet {Int+3}
rElec   +          Harm     .   i - +1 cloak
rCorr   +          Rampage  .   o - +0 pair of gloves
Will    +....                   (no boots)
Stlth   ++........              (no amulet)
HPRegen 0.15/turn               l - ring of resist corrosion
MPRegen 0.17/turn               h - +4 ring of protection

@: no status effects
A: sickness immunity, AC +6, negative energy resistance 1, electricity
resistance, torment resistance 1, petrification resistance
a: Renounce Religion


You were on level 6 of the Dungeon.
You worshipped Vehumet.
Vehumet was noncommittal.
You visited 2 branches of the dungeon, and saw 8 of its levels.

You collected 290 gold pieces.

Inventory:

Hand Weapons
 k - a +1 whip
 A - the +9 mace of Zifroyw (weapon) {protect, rElec Will+}
   (You found it on level 4 of the Dungeon)

   It grants its wielder temporary protection when it strikes (+7 to AC).
   rElec:     It insulates you from electricity.
   Will:      It increases your willpower.
Armour
 a - a +0 robe (worn)
 d - a +1 helmet of intelligence (worn)
 g - a +0 cloak
 i - a +1 cloak (worn)
 o - a +0 pair of gloves (worn)
 B - a +1 scale mail of positive energy
Magical Staves
 w - a staff of air
Jewellery
 h - a +4 ring of protection (right hand)
 l - a ring of resist corrosion (left hand)
 n - a ring of protection from fire
 u - an amulet of guardian spirit
 C - a ring of wizardry
Wands
 s - a wand of mindburst (15)
 y - a wand of charming (16)
 D - a wand of flame (18) (quivered)
Scrolls
 c - 4 scrolls of torment
 e - 4 scrolls of teleportation
 m - 3 scrolls of immolation
 E - 2 scrolls of poison
Potions
 b - 2 potions of magic
 f - 2 potions of curing
 j - a potion of cancellation
 p - 2 potions of lignification {unknown}
 q - a potion of brilliance
 r - a potion of haste
 t - 2 potions of might {unknown}
 v - a potion of heal wounds {unknown}
 x - a potion of degeneration {unknown}
 z - 2 potions of mutation {unknown}


   Skills:
 + Level 1.3 Fighting
 + Level 2.3 Maces & Flails
 + Level 2.7 Dodging
 - Level 2.1 Stealth
 + Level 7.4 Spellcasting
 + Level 5.9 Conjurations
 + Level 0.2 Translocations
 + Level 7.9 Fire Magic


You had 13 spell levels left.
You knew the following spells:

 Your Spells              Type           Power      Damage    Failure   Level
a - Foxfire               Conj/Fire      100%       2x1d9     1%          1
b - Scorch                Fire           88%        2d9       1%          2
c - Flame Wave            Conj/Fire      40%        2d11      4%          4
d - Blink                 Tloc           18%        N/A       11%         2

Your spell library contained the following spells:

 Spells                   Type           Power      Damage    Failure   Level
 Conjure Flame            Conj/Fire      40%        6-21      1%          3
 Inner Flame              Hex/Fire       26%        N/A       4%          3
 Gell's Gravitas          Tloc           9%         N/A       21%         3
 Lesser Beckoning         Tloc           9%         N/A       21%         3
 Teleport Other           Tloc           9%         N/A       21%         3
 Portal Projectile        Hex/Tloc       18%        N/A       22%         3
 Tukima's Dance           Hex            8%         N/A       22%         3
 Manifold Assault         Tloc           9%         N/A       88%         5
 Blade Hands              Tmut           4%         N/A       90%         5


Dungeon Overview and Level Annotations

Branches:
Dungeon (7/15)             Temple (1/1) D:6

Altars:
Ashenzari
Cheibriados
Dithmenos
Elyvilon
Fedhas
Gozag
Hepliaklqana
Kikubaaqudgha
Makhleb
Nemelex Xobeh
Okawaru
Qazlal
Ru
Sif Muna
Trog
Uskayaw
Vehumet
Wu Jian
Xom
Zin
The Shining One

Shops:
D:1 ((=(:   D:2 :   D:4 :   D:6 :

Annotations:
D:6 3 runed translucent doors, gruber's ghost, novice GrEE


Innate Abilities, Weirdness & Mutations

You are immune to sickness and miasma.
Your stone body is resilient. (AC +6)
You are immune to poison.
You resist negative energy. (rN+)
You are resistant to electric shocks. (rElec)
You are resistant to unholy torment.
You are immune to petrification.


Message History

The slime creature attacks as you move away!
The slime creature hits you but does no damage.
The slime creature closely misses you.
Two slime creatures merge to form a large slime creature.
There is an open door here.
The large slime creature is no longer more vulnerable to fire.
Casting: Scorch (safe; 1% risk of failure)
Confirm with . or Enter, or press ? or * to list all spells.
You conjure some foxfire!
Casting: Foxfire (safe; 1% risk of failure)
Confirm with . or Enter, or press ? or * to list all spells.
Flames lash the large slime creature.
The large slime creature is severely wounded.
The large slime creature's fire resistance burns away.
The foxfire hits the large slime creature!
The large slime creature is burned terribly!
The large slime creature is severely wounded.
The foxfire hits the large slime creature!
The large slime creature is burned terribly!
The large slime creature is severely wounded.
You see here a +0 trident.
Casting: Scorch (safe; 1% risk of failure)
Confirm with . or Enter, or press ? or * to list all spells.
You conjure some foxfire!
The large slime creature hits you!!
Ouch! That really hurt!
* * * LOW HITPOINT WARNING * * *
Casting: Foxfire (safe; 1% risk of failure)
Confirm with . or Enter, or press ? or * to list all spells.
Flames lash the large slime creature.
The large slime creature is burned terribly!
The large slime creature is almost dead.
The foxfire hits the large slime creature.
The large slime creature is burned terribly!
The large slime creature is almost dead.
The foxfire hits the large slime creature.
The large slime creature is almost dead.
The large slime creature hits you but does no damage.
The large slime creature attacks as you move away!
The large slime creature hits you!
You die...

############# #....###.# #.#.#
#......# #......#.# #.#.#
######......# #....#.#<# #.#.#
#...##......#####..#.#.#.# #.#.#
#...##......#..........#.# #.#.#
'....+......#......#.###.####.#)#
#...##......#...............)....
#...........#...§§.#...#.####.###
###.........#...@..#........#.#
#.........#.(.J..#......#.#.#
###...####'##..))[.########.#.#
..[........##..........# #[#.#
#############....[.###.# #.#.#
####'#.)...# #.#.#
#.#.##..####.#.#
################.#........#...#
>..............#.####..##.#####


You could see a large slime creature (combustible).

Vanquished Creatures
  Grinder (D:3)
  3 slime creatures (D:6)
  Prince Ribbit (D:6)
  Eustachio (D:6)
  Menkaure (D:6)
  A sky beast (D:6)
  3 centaurs (D:6)
  3 ogres (D:5)
  Blork the orc (D:6)
  A gnoll sergeant (D:6)
  2 scorpions
  2 necrophages
  A howler monkey (D:6)
  An orc priest (D:3)
  2 hounds
  2 orc wizards (D:6)
  An iguana (D:5)
  3 gnolls (D:6)
  7 adders
  2 white imps
  3 worms
  2 dart slugs
  9 orcs
  7 ball pythons
  2 bats (D:2)
  6 endoplasms
  3 giant cockroaches
  9 goblins
  11 hobgoblins
  12 jackals
  6 kobolds
  2 quokkas (D:2)
  3 frilled lizards
  3 rats
117 creatures vanquished.

Vanquished Creatures (collateral kills)
  7 foxfires
7 creatures vanquished.

Vanquished Creatures (others)
  449 foxfires
  8 plants
457 creatures vanquished.

Grand Total: 581 creatures vanquished

Notes
Turn   | Place    | Note
-------+----------+-------------------------------------------
     0 | D:1      | funkygono the Gargoyle Fire Elementalist began the quest
                  | for the Orb.
     0 | D:1      | Reached XP level 1. HP: 10/10 MP: 3/3
     5 | D:1      | Found Duatzenu's Jewellery Emporium.
    75 | D:1      | Found Dacheo's Weapon Emporium.
   256 | D:1      | Reached XP level 2. HP: 11/15 MP: 1/5
   449 | D:1      | Learned a level 2 spell: Scorch
   870 | D:1      | Found Tusof's Weapon Shoppe.
   938 | D:1      | Found Voerchul's Book Shop.
  1074 | D:1      | Found Kaobaul's Antique Weapon Shop.
  1318 | D:1      | Reached XP level 3. HP: 19/19 MP: 3/6
  1396 | D:1      | Found a faded altar of an unknown god.
  1793 | D:2      | Found Bepaskui's Book Shoppe.
  2507 | D:2      | Reached XP level 4. HP: 24/24 MP: 4/8
  2880 | D:2      | Identified a scroll of acquirement
  2880 | D:2      | Acquired a +1 helmet of intelligence
  2892 | D:2      | Learned a level 4 spell: Flame Wave
  3248 | D:3      | Found a broken altar of Ashenzari.
  3409 | D:3      | Upgraded the game from 0.29-a0-914-g906f1d757c to
                  | 0.29-a0-923-g6e406bff71
  3548 | D:3      | Noticed Grinder
  3561 | D:3      | Killed Grinder
  3562 | D:3      | Reached XP level 5. HP: 28/28 MP: 0/11
  3562 | D:3      | Reached XP level 6. HP: 33/33 MP: 0/12
  4149 | D:4      | Found a stormy altar of Qazlal.
  4228 | D:4      | Found Zuetogaf's Book Shoppe.
  4308 | D:4      | Found a glowing golden altar of the Shining One.
  4741 | D:4      | Reached XP level 7. HP: 36/37 MP: 7/13
  4939 | D:4      | Identified the +9 mace of Zifroyw {protect, rElec Will+}
  5122 | D:5      | Entered Level 5 of the Dungeon
  5129 | D:5      | Reached skill level 5 in Fire Magic
  5314 | D:5      | Reached skill level 1 in Maces & Flails
  5314 | D:5      | Reached skill level 5 in Spellcasting
  5763 | D:5      | Found a burning altar of Makhleb.
  5912 | D:5      | Found a shimmering blue altar of Sif Muna.
  5946 | D:5      | Reached XP level 8. HP: 42/42 MP: 9/16
  6646 | D:6      | Found a staircase to the Ecumenical Temple.
  6654 | Temple   | Entered the Ecumenical Temple
  6680 | Temple   | Became a worshipper of Vehumet
  6863 | D:6      | Found Fusobe's Book Shoppe.
  6934 | D:6      | Noticed Prince Ribbit
  6939 | D:6      | Killed Prince Ribbit
  6992 | D:6      | Noticed Menkaure
  6999 | D:6      | Killed Menkaure
  7094 | D:6      | Noticed Blork the orc
  7104 | D:6      | Killed Blork the orc
  7114 | D:6      | Reached skill level 5 in Conjurations
  7148 | D:6      | Reached XP level 9. HP: 37/46 MP: 1/18
  7352 | D:6      | Noticed Eustachio
  7359 | D:6      | Killed Eustachio
  7436 | D:6      | Found a glowing silver altar of Zin.
  7436 | D:6      | Noticed an angel
  7556 | D:6      | Reached skill level 1 in Fighting
  7647 | D:6      | Found a runed translucent gate.
  7648 | D:6      | Found a runed translucent gate.
  7649 | D:6      | Found a runed translucent gate.
  7653 | D:6      | Noticed gruber's ghost (novice GrEE)
  7900 | D:6      | Learned a level 2 spell: Blink
  8776 | D:6      | HP: 1/47 [large slime creature (31)]
  8778 | D:6      | Mangled by a large slime creature

Illustrated notes

Levels and vault maps discovered:
D:1:      dreamdust_arrival_beginning_and_end, layout_basic,
          dreamdust_ecumenical_altar_hidden_monk_grotto, serial_shops,
          nicolae_shop_bloodbath_and_beyond, shop, shop, nicolae_shop_trees,
          shop, minmay_domino_2
D:2:      wad_lake_hut, layout_loops_ring, serial_shops,
          nicolae_shop_statue_plus
D:3:      layout_loops_ring, mainiacjoe_overflow_cross_hatched, minmay_unequal,
          uniq_grinder
D:4:      layout_basic, nicolae_tso_carved_into_rock, grunt_qazlal_sundering,
          serial_shops, shop
D:5:      layout_basic, mainiacjoe_overflow_catch_the_wave,
          kennysheep_generic_room_15
D:6:      layout_basic, zin_angel, minmay_temple_entry_glassed_door,
          ebering_ghost_rock_garden, serial_shops, shop, serial_bayou_pond_a,
          uniq_prince_ribbit1, uniq_blork_the_orc, uniq_menkaure, uniq_eustachio
D:7:      layout_cave_pools, chequers_serial_rivers_small_a,
          palyth_stone_intersect
Temple:   bh_familiar_temple

Skill      XL: |  1  2  3  4  5  6  7  8  9 |
---------------+----------------------------+-----
Spellcasting   | 4 5 6 7 |  7.4
Fire Magic     | 4 5 7 |  7.9
Dodging        | 2 |  2.7
Conjurations   | 2 3 4 5 |  5.9
Maces & Flails | 1 2 |  2.3
Fighting       | 1 |  1.3
Stealth        | |  2.1
Translocations | |  0.2

Action                   |  1- 3 |  4- 6 |  7- 9 || total
-------------------------+-------+-------+-------++-------
Melee: Unarmed           |     4 |       |       ||     4
       Club              |     2 |       |       ||     2
       Whip              |     4 |    14 |       ||    18
       Punch             |     1 |       |     1 ||     2
       Mace              |       |       |    25 ||    25
 Cast: Foxfire           |    61 |    77 |   130 ||   268
       Scorch            |     4 |     6 |    30 ||    40
       Blink             |       |       |     2 ||     2
  Use: Scroll            |     5 |     5 |     3 ||    13
       Potion            |       |       |     2 ||     2
Armor: Robe              |     8 |    15 |    30 ||    53
Dodge: Dodged            |    34 |    20 |    38 ||    92

Table legend: (Time is in decaauts)
 A = Elapsed time spent in this place.
 B = Non-inter-level travel time spent in this place.
 C = Inter-level travel time spent in this place.
 D = Time resting spent in this place.
 E = Time spent auto-exploring this place.
 F = Levels seen in this place.
 G = Mean time per level.
                   A        B        C        D        E       F      G
               +--------+--------+--------+--------+--------+-----+--------+
         Total |   8794 |   8619 |    175 |   1036 |   6364 |   8 | 1099.2 |
       Dungeon |   8611 |   8456 |    155 |   1036 |   6209 |   7 | 1230.1 |
        Temple |    182 |    162 |     20 |      0 |    155 |   1 |  182.0 |
               +--------+--------+--------+--------+--------+-----+--------+

Top non-repeatable levels by time:
     D:6: 2242 daAuts
     D:1: 1656 daAuts
     D:2: 1348 daAuts
     D:5: 1202 daAuts
     D:3: 1151 daAuts
     D:4: 1000 daAuts
  Temple: 182 daAuts
     D:7: 9 daAuts
